 Dungeon Crawl Stone Soup version 0.14.1-22-g2730a98 (webtiles) character file.

3400 Kae the Conjurer (level 9, -2/45 HPs)
             Began as a Tengu Fire Elementalist on June 10, 2014.
             Was a Believer of Vehumet.
             Slain by a giant frog (8 damage)
             ... on Level 7 of the Dungeon.
             The game lasted 00:19:50 (9725 turns).

Kae the Conjurer (Tengu Fire Elementalist)          Turns: 9725, Time: 00:19:50

HP  -2/45        AC  3     Str 12      XL: 9   Next: 90%
MP  27/32        EV 15     Int 21      God: Vehumet [**....]
Gold 292         SH  0     Dex 14      Spells:  4 memorised,  9 levels left

rFire  + . .     SeeInvis .     I - +3,+5 mace of the Jester {crush, Str-1}
rCold  x . .     Clarity  .     h - +0 robe of the Sun {Str+4 Int+2}
rNeg   . . .     Conserve .     (no shield)
rPois  .         rCorr    .     (helmet restricted)
rElec  .         rRot     .     (no cloak)
SustAb . .       Spirit   .     m - +0 pair of gloves
rMut   .         Warding  .     (boots unavailable)
Saprov . . .     Stasis   .     q - amulet of faith
MR     .....                    o - ring of fire
                                M - ring of magical power

@: flying, quick, not resistant to hostile enchantments, fairly stealthy
A: able to fly, beak, talons 3
a: Renounce Religion


You were on level 7 of the Dungeon.
You worshipped Vehumet.
Vehumet was pleased with you.
You were hungry.

You visited 1 branch of the dungeon, and saw 8 of its levels.

You collected 292 gold pieces.

Inventory:

Hand weapons
 p - a +1,+1 spear
 I - the +3,+5 mace of the Jester (weapon) {crush, Str-1}
   (You found it on level 6 of the Dungeon)

   It inflicts extra damage upon your enemies.
   It affects your strength (-1).
Armour
 a - a +0 robe
 h - the cursed +0 robe of the Sun (worn) {Str+4 Int+2}
   (You found it on level 7 of the Dungeon)

   It affects your strength (+4).
   It affects your intelligence (+2).
   It has a curse placed upon it.
 m - a +0 pair of gloves (worn)
Magical devices
 D - a wand of fireball (5)
 L - a wand of fire (3)
Comestibles
 c - 5 bread rations
 f - an apple
 i - 4 meat rations
 j - a honeycomb
 s - 2 chunks of gnoll flesh
 t - 3 chokos
Scrolls
 d - 2 scrolls of immolation
 g - 2 scrolls of fog {unknown}
 k - a scroll of enchant weapon II
 r - a scroll of fear
 u - a scroll of enchant armour
 y - 2 scrolls of identify
 C - 2 scrolls of teleportation
Jewellery
 l - an uncursed amulet of stasis
 o - a ring of fire (right hand)
 q - an amulet of faith (around neck)
 v - an uncursed ring of positive energy
 M - a ring of magical power (left hand)
Potions
 e - 2 potions of curing
 n - 2 potions of flight {unknown}
 x - 3 potions of heal wounds
 A - 2 potions of lignification
 F - a potion of cure mutation
Books
 b - a book of Flames

   Spells                             Type                      Level
   *Flame Tongue                      Conjuration/Fire             1
   *Throw Flame                       Conjuration/Fire             2
   *Conjure Flame                     Conjuration/Fire             3
   Inner Flame                        Hexes/Fire                   3
   *Sticky Flame                      Conjuration/Fire             4
   Fireball                           Conjuration/Fire             5


   Skills:
 - Level 2.1 Dodging
 - Level 2.0 Stealth
 + Level 5.6 Spellcasting
 * Level 11.0 Conjurations
 * Level 10.1 Fire Magic


You had 9 spell levels left.
You knew the following spells:

 Your Spells              Type           Power        Failure   Level  Hunger
a - Flame Tongue          Conj/Fire      #####        1%          1    None
b - Throw Flame           Conj/Fire      ######       1%          2    None
c - Conjure Flame         Conj/Fire      ######..     1%          3    ##.....
d - Sticky Flame          Conj/Fire      ######..     1%          4    ####...


Dungeon Overview and Level Annotations

Branches:
Dungeon (8/15)             Temple (0/1) D:7
   Lair: D:8-11

Altars:
Ashenzari
Cheibriados
Elyvilon
Fedhas
Kikubaaqudgha
Nemelex Xobeh
Sif Muna
Trog
Vehumet
Xom
Zin
Jiyva

Shops:
D:5 :   D:6 *


Innate Abilities, Weirdness & Mutations

You can fly.
You have a beak for a mouth.
You have claws for feet.


Message History

You fly upwards.
There is a stone staircase leading down here.
Casting: Flame Tongue
Confirm with . or Enter, or press ? or * to list all spells.
Aiming: Sticky Flame
Press: ? - help, Shift-Dir - straight line, f - giant frog
Aim: a giant frog You feel a surge of power!
The sticky flame hits the giant frog.
The giant frog is moderately wounded.
The giant frog is covered in liquid flames!
The giant frog burns!
The giant frog hits you.
* * * LOW HITPOINT WARNING * * *
Casting: Sticky Flame
Confirm with . or Enter, or press ? or * to list all spells.
Aiming: Flame Tongue
Press: ? - help, Shift-Dir - straight line, f/p - giant frog
Aim: a giant frog (heavily wounded, covered in liquid flames)
You feel a surge of power!
The flame tongue misses the giant frog.
The giant frog burns!
The giant frog hits you!
You die...

#.##..#.#...............#....#
.####...#..##...........).#..#
.#≈_#...#).##.....###...#.#..####
.##.#.#...........# #.....#.....#
..'.#...#.####....###.........).#
.##.#.###.####................###
.#≈_#.......##.....#.#.##...###
.####.....#.##..F#.#.####.#.#
..##..#.###.###.@....# #.#.###
.##.##..#.)...####.### #.....#
.##.....#.###.##...######.#..##
###.##..#.###(..((..(........##
..#.##........##.#.#######....#
........#####....### #.##.#
#...###....####### #....# ##.##
####.# ###### #.#######.#


You could see a giant frog (burning).

Vanquished Creatures
  6 yaks (D:5)
  The ghost of Alteisentier the Shield-Bearer, an average FoFi (D:3)
  A phantom (D:5)
  An orc warrior (D:5)
  7 ogres
  An ice beast (D:6)
  A sky beast (D:7)
  3 giant frogs
  2 scorpions
  2 wights (D:7)
  2 crimson imps
  A goliath beetle (D:5)
  3 jellies
  4 hounds
  2 worker ants
  2 orc priests (D:5)
  An orc wizard (D:5)
  An iguana (D:5)
  An ogre skeleton (D:7)
  A hound zombie (D:5)
  Terence (D:2)
  5 adders
  5 gnolls
  2 giant mites
  An inept feature mimic (D:5)
  2 giant eyeballs
  5 oozes
  19 orcs
  A ball python (D:2)
  A bat skeleton (D:5)
  6 giant cockroaches
  14 goblins
  15 hobgoblins
  6 jackals
  13 bats
  6 giant geckos
  A giant gecko skeleton (D:6)
  A giant gecko zombie (D:6)
  2 giant newts
  2 giant spores (D:6)
  10 kobolds
  A kobold zombie (D:5)
  A quokka skeleton (D:7)
  6 rats
  14 ballistomycetes
183 creatures vanquished.

Vanquished Creatures (others)
  A giant spore (D:5)
  A ballistomycete (D:5)
  A toadstool (D:2)
3 creatures vanquished.

Grand Total: 186 creatures vanquished

Notes
Turn   | Place    | Note
--------------------------------------------------------------
     0 | D:1      | Kae, the Tengu Fire Elementalist, began the quest for the Orb.
     0 | D:1      | Reached XP level 1. HP: 10/10 MP: 3/3
   590 | D:1      | Reached XP level 2. HP: 13/15 MP: 0/5
  1370 | D:1      | Reached XP level 3. HP: 16/19 MP: 5/7
  1516 | D:2      | Learned a level 2 spell: Throw Flame
  1520 | D:2      | Learned a level 3 spell: Conjure Flame
  1531 | D:2      | Reached skill level 4 in Fire Magic
  1629 | D:2      | Noticed Terence
  2005 | D:2      | Reached XP level 4. HP: 24/24 MP: 2/9
  2088 | D:2      | Reached XP level 5. HP: 28/28 MP: 2/11
  2575 | D:2      | Killed Terence
  2695 | D:2      | Reached skill level 5 in Fire Magic
  2826 | D:2      | Found a viscous altar of Jiyva.
  3227 | D:3      | Noticed Alteisentier's ghost (average FoFi)
  3328 | D:3      | Killed Alteisentier's ghost
  3328 | D:3      | Reached skill level 5 in Conjurations
  3328 | D:3      | Reached XP level 6. HP: 18/32 MP: 5/15
  3559 | D:3      | Found an ancient bone altar of Kikubaaqudgha.
  3746 | D:3      | Learned a level 4 spell: Sticky Flame
  4264 | D:4      | Paralysed by a giant eyeball for 4 turns
  4434 | D:4      | Found a shattered altar of Ashenzari.
  4617 | D:5      | Entered Level 5 of the Dungeon
  4623 | D:5      | Reached XP level 7. HP: 33/36 MP: 10/16
  4715 | D:5      | Reached skill level 6 in Fire Magic
  4753 | D:5      | Found a staircase to the Ecumenical Temple.
  4756 | D:5      | the staircase to the Ecumenical Temple was a mimic.
  5141 | D:5      | Noticed a yak
  5143 | D:5      | Noticed a yak
  5170 | D:5      | Killed a yak
  5170 | D:5      | Reached skill level 7 in Conjurations
  5170 | D:5      | Reached XP level 8. HP: 30/41 MP: 10/19
  5252 | D:5      | Noticed a yak
  5253 | D:5      | Noticed a yak
  5253 | D:5      | Noticed a yak
  5253 | D:5      | Noticed a yak
  5272 | D:5      | Killed a yak
  5285 | D:5      | Killed a yak
  5285 | D:5      | Reached skill level 8 in Conjurations
  5289 | D:5      | Killed a yak
  5754 | D:5      | Found a blossoming altar of Fedhas.
  6058 | D:5      | Found Stonyos' Book Emporium.
  6238 | D:5      | Found a radiant altar of Vehumet.
  6244 | D:5      | Became a worshipper of Vehumet
  6302 | D:5      | Found a sparkling altar of Nemelex Xobeh.
  6554 | D:5      | Reached skill level 9 in Conjurations
  6631 | D:5      | Reached XP level 9. HP: 34/45 MP: 14/22
  7240 | D:5      | Killed a yak
  7277 | D:5      | Killed a yak
  7479 | D:6      | Reached skill level 5 in Spellcasting
  7625 | D:5      | Reached skill level 10 in Conjurations
  7733 | D:6      | Found a bloodstained altar of Trog.
  7814 | D:6      | Acquired Vehumet's first power
  7814 | D:6      | Offered knowledge of Magic Dart by Vehumet.
  7846 | D:6      | Got a dazzling mace
  7885 | D:5      | Identified the cursed +3,+5 mace of the Jester {crush, Str-1} (You found it on level 6 of the Dungeon)
  7898 | D:5      | Paralysed by a potion of paralysis for 4 turns
  7958 | D:6      | Found Zin's Purification Station.
  7961 | D:6      | Found a glowing silver altar of Zin.
  8509 | D:6      | Found a deep blue altar of Sif Muna.
  8512 | D:6      | Found a shimmering altar of Xom.
  8515 | D:6      | Found a white marble altar of Elyvilon.
  8550 | D:7      | Found a staircase to the Ecumenical Temple.
  8864 | D:7      | Got a brightly glowing robe
  8870 | D:7      | Identified the cursed +0 robe of the Sun {Str+4 Int+2} (You found it on level 7 of the Dungeon)
  9007 | D:7      | Reached skill level 10 in Fire Magic
  9081 | D:7      | Offered knowledge of Sandblast by Vehumet.
  9422 | D:7      | Found a bloodstained altar of Trog.
  9422 | D:7      | Found a snail-covered altar of Cheibriados.
  9526 | D:7      | Reached skill level 11 in Conjurations
  9725 | D:7      | Slain by a giant frog

Action                   |  1- 3 |  4- 6 |  7- 9 || total
-------------------------+-------+-------+-------++-------
Melee: Unarmed           |    28 |     3 |       ||    31
       Spear             |       |    43 |   109 ||   152
       Mace              |       |       |    48 ||    48
 Cast: Flame Tongue      |    51 |    67 |   214 ||   332
       Throw Flame       |     3 |    15 |    45 ||    63
       Conjure Flame     |     1 |     5 |    16 ||    22
       Sticky Flame      |       |       |     5 ||     5
 Abil: Fly               |       |       |     2 ||     2
Evoke: Wand              |       |       |     2 ||     2
  Use: Potion            |     1 |       |     5 ||     6
       Scroll            |       |       |    13 ||    13
 Stab: Sleeping          |       |     1 |       ||     1
